[Event "Titled Tuesday Blitz October 18 Late 2022"]
[White "Matinian, Nikita"]
[Black "Li, Hui"]
[WhiteFideId "24129100"]
[BlackFideId "15400310"]
[WhiteElo "2422"]
[BlackElo "1954"]
[Result "1-0"]
[Round "01"]
[TimeControl "180+1"]
[Date "2022.10.19"]
[WhiteClock "0:01:45"]
[BlackClock "0:00:26"]

1. e4 e5 2. Nf3 Nf6 3. Nxe5 d6 4. Nf3 Nxe4 5. Qe2 Qe7 6. d3 Nf6 7. Bg5 Qxe2+ 8. Bxe2 Be7 9. Nc3 c6 10. O-O-O h6 11. Bd2 Na6 12. Rde1 O-O 13. h3 Nc7 14. g4 Nfd5 15. Ne4 Nf6 16. Ng3 Bd7 17. Nh4 Rfe8 18. f4 Nfd5 19. Nhf5 Bf8 20. g5 Ne6 21. Rhf1 g6 22. Nxh6+ Bxh6 23. gxh6 Nd4 24. Bg4 Nf6 25. Rxe8+ Rxe8 26. Bxd7 Nxd7 27. f5 Ne2+ 28. Nxe2 Rxe2 29. fxg6 fxg6 30. h7+ Kh8 31. Rf7 Ne5 32. Rxb7 Rh2 33. Bc3 Rxh3 34. d4 Nf3 35. d5+ Ne5 36. dxc6 1-0


[Site "https://www.chess.com"]

[Event "Titled Tuesday Blitz October 18 Late 2022"]
[White "Medvegyne Balogh, Emese"]
[Black "Cruz, William Ferreira Da"]
[WhiteFideId "724980"]
[BlackFideId "2118050"]
[WhiteElo "2087"]
[BlackElo "2223"]
[Result "0-1"]
[Round "01"]
[TimeControl "180+1"]
[Date "2022.10.19"]
[WhiteClock "0:00:10"]
[BlackClock "0:00:19"]

1. e4 e6 2. d4 d5 3. Nd2 Be7 4. c3 c5 5. exd5 exd5 6. Ndf3 Nf6 7. Ne2 O-O 8. Be3 b6 9. Ng3 Re8 10. Be2 Ng4 11. Bf4 Ba6 12. O-O Bxe2 13. Nxe2 Bd6 14. h3 Nf6 15. Bg5 Nbd7 16. Ng3 Bxg3 17. fxg3 Qc7 18. Bf4 Qb7 19. Ne5 Nxe5 20. dxe5 Nd7 21. Qh5 Nf8 22. Rae1 Rad8 23. Bg5 Rd7 24. Qg4 d4 25. Bf6 Ne6 26. cxd4 Rxd4 27. Qh5 Rd2 28. Rf3 Qd5 29. Bxg7 Nxg7 30. Qg5 Rd1 31. Re3 Rxe1+ 32. Rxe1 Qd4+ 33. Kh2 Qd3 34. h4 Qg6 35. Qf4 Ne6 36. Qc4 Nd4 37. Rf1 Qe6 38. Qd3 Qxe5 39. Rf4 Re6 40. Qa6 Rg6 41. Qc8+ Kg7 42. Qb7 Qe3 43. Rf3 Nxf3+ 44. gxf3 Qf2+ 0-1


[Site "https://www.chess.com"]

[Event "Titled Tuesday Blitz October 18 Late 2022"]
[White "Melikhov, Evgeny V."]
[Black "Erdogdu, Mert"]
[WhiteFideId "4122046"]
[BlackFideId "6301495"]
[WhiteElo "2169"]
[BlackElo "2413"]
[Result "0-1"]
[Round "01"]
[TimeControl "180+1"]
[Date "2022.10.19"]
[WhiteClock "0:00:05"]
[BlackClock "0:01:17"]

1. d4 d5 2. c4 e6 3. Nc3 c5 4. cxd5 exd5 5. Nf3 Nc6 6. g3 Nf6 7. Bg2 Be7 8. O-O O-O 9. Bg5 cxd4 10. Nxd4 h6 11. Be3 Re8 12. Rc1 Bg4 13. Nxc6 bxc6 14. Na4 Qd7 15. Bc5 Bd8 16. Re1 Bh3 17. Bh1 Rc8 18. Qd4 Ne4 19. b3 Bf6 20. Qd3 h5 21. f3 Nxc5 22. Nxc5 Qd6 23. e4 h4 24. f4 Bb2 25. Rc2 Ba3 26. Qd4 f6 27. e5 fxe5 28. fxe5 Qg6 29. Rce2 hxg3 30. Bg2 Bg4 31. Re3 gxh2+ 32. Kh1 Bf5 33. e6 Bxc5 34. Qxc5 Rxe6 35. Rxe6 Bxe6 36. Qd6 Bf5 37. Qe7 Rf8 38. Re3 Be4 0-1


[Site "https://www.chess.com"]

[Event "Titled Tuesday Blitz October 18 Late 2022"]
[White "Melikyan, Gnel"]
[Black "Arnold, Ken"]
[WhiteFideId "54109990"]
[BlackFideId "2056836"]
[WhiteElo "2138"]
[BlackElo "2346"]
[Result "1/2-1/2"]
[Round "01"]
[TimeControl "180+1"]
[Date "2022.10.19"]
[WhiteClock "0:00:34"]
[BlackClock "0:00:11"]

1. d4 d5 2. c4 c6 3. Nc3 Nf6 4. Nf3 dxc4 5. a4 Bf5 6. e3 e6 7. Bxc4 Nbd7 8. O-O Bg6 9. a5 Bd6 10. Bd2 O-O 11. Na4 b5 12. axb6 axb6 13. Nc3 b5 14. Bb3 Qb6 15. Qe2 Ne4 16. Nxe4 Bxe4 17. Rfc1 h6 18. Be1 Nf6 19. Nd2 Bd5 20. e4 Bxb3 21. Nxb3 e5 22. Bc3 Rxa1 23. Rxa1 b4 24. Ra6 Qb8 25. Bd2 Re8 26. f4 exd4 27. e5 Bc7 28. Rxc6 Nd5 29. Qc4 Rd8 30. g3 Bb6 31. Kg2 Ne3+ 32. Bxe3 dxe3 33. Kf3 Qb7 34. Qe4 Rc8 35. Rc1 Qb8 36. e6 Rxc1 37. Nxc1 fxe6 38. Qxe6+ Kh8 39. Ne2 Qa8+ 40. Qe4 Qa5 41. f5 Qc5 42. Nf4 Qc1 43. f6 Qh1+ 44. Ng2 Qf1+ 45. Kg4 Qxf6 46. Nxe3 Qxb2 47. Qe8+ Kh7 48. Qe4+ g6 49. Qe7+ Qg7 50. Qxg7+ Kxg7 51. Nd5 Bc5 52. Kf3 b3 53. Nc3 b2 54. Ke4 Bg1 55. h3 Bh2 56. g4 h5 57. Kd3 hxg4 58. hxg4 Be5 59. Nb1 Kf6 60. Ke4 g5 61. Nd2 Ke6 62. Nb1 Bf6 63. Na3 Kd6 64. Kf5 Bd8 65. Nc4+ Ke7 66. Nxb2 Kf7 67. Nd3 Kg7 68. Ne5 Be7 69. Ng6 Bf6 70. Nf8 Kxf8 71. Kxf6 Kg8 72. Kg6 Kh8 73. Kh6 Kg8 74. Kh5 Kh7 75. Kxg5 Kg7 76. Kf4 Kg6 77. Kf3 Kg5 78. Kg3 Kg6 79. Kh4 Kh6 80. g5+ Kg6 81. Kg4 Kg7 82. Kf3 Kg6 83. Kf4 Kg7 84. Ke5 Kg6 85. Kf4 Kg7 86. Kf5 Kf7 87. g6+ Kg7 88. Kg5 Kg8 89. Kh6 Kh8 90. Kh5 Kg7 91. Kg5 Kg8 92. Kg4 Kg7 93. Kf5 Kg8 94. Kf6 Kf8 95. g7+ Kg8 96. Kg6 1/2-1/2


[Site "https://www.chess.com"]

[Event "Titled Tuesday Blitz October 18 Late 2022"]
[White "Mendez Fortes, Eduardo Jesus"]
[Black "Galaktionov, Artem"]
[WhiteFideId "3502376"]
[BlackFideId "24175471"]
[WhiteElo "2307"]
[BlackElo "2278"]
[Result "0-1"]
[Round "01"]
[TimeControl "180+1"]
[Date "2022.10.18"]
[WhiteClock "0:00:27"]
[BlackClock "0:01:50"]

1. e4 c6 2. d4 d6 3. Nc3 Nd7 4. f4 g6 5. Nf3 Bg7 6. e5 dxe5 7. dxe5 Nc5 8. Qxd8+ Kxd8 9. Be3 Ne6 10. O-O-O+ Kc7 11. Ne4 h5 12. Neg5 Nh6 13. Bc4 Nxg5 14. Nxg5 e6 15. Bc5 Bf8 16. Bd6+ Bxd6 17. Rxd6 Rd8 18. Rhd1 Rxd6 19. Rxd6 Bd7 20. Bd3 Rd8 21. c4 c5 22. Be4 b6 23. h3 Be8 24. Rxd8 Kxd8 25. Kd2 Ng8 26. g4 hxg4 27. hxg4 Ke7 28. Ke3 f5 29. exf6+ Nxf6 30. Bf3 Kd6 31. Ne4+ Nxe4 32. Bxe4 e5 33. f5 g5 34. Bd5 Ke7 35. Ke4 Kf6 36. b3 a5 37. Bb7 Bf7 38. Bd5 Be8 39. Bb7 Bd7 40. Kd5 Bxf5 41. gxf5 Kxf5 42. Kc6 e4 43. Kxb6 g4 44. Kxc5 e3 45. Kd4 e2 46. Be4+ Kf4 0-1


[Site "https://www.chess.com"]

[Event "Titled Tuesday Blitz October 18 Late 2022"]
[White "Mickiewicz, Piotr"]
[Black "Wieczorek, Oskar"]
[WhiteFideId "1114891"]
[BlackFideId "1133950"]
[WhiteElo "2246"]
[BlackElo "2404"]
[Result "0-1"]
[Round "01"]
[TimeControl "180+1"]
[Date "2022.10.19"]
[WhiteClock "0:00:05"]
[BlackClock "0:00:08"]

1. g3 g6 2. Bg2 Bg7 3. Nf3 Nf6 4. O-O O-O 5. d3 d6 6. e4 e5 7. Nc3 Nc6 8. Bg5 Bg4 9. h3 Bxf3 10. Bxf3 h6 11. Be3 Nd4 12. Bxd4 exd4 13. Ne2 Nd7 14. Bg2 c6 15. a4 a5 16. Kh2 Nc5 17. Qd2 Qb6 18. b3 Qb4 19. Qxb4 axb4 20. Ng1 Ra5 21. Nf3 Rfa8 22. Rae1 Nd7 23. Nd2 Rc5 24. Nc4 Bf8 25. Re2 Ra7 26. f4 b5 27. Nb2 Nb6 28. e5 bxa4 29. Nxa4 Nxa4 30. bxa4 d5 31. e6 f5 32. e7 Rxe7 33. Rxe7 Bxe7 34. Re1 Kf7 35. Re2 Ra5 36. g4 Rxa4 37. gxf5 gxf5 38. Bf3 Bd6 39. Bh5+ Kf6 40. Kg3 Ra2 41. Kf3 c5 42. Rg2 c4 43. Rg6+ Ke7 44. Rg7+ Kd8 45. Bg6 Rxc2 46. Bxf5 c3 47. Rd7+ Ke8 48. Rxd6 b3 49. Rb6 b2 50. Bg6+ Kd8 51. f5 Rc1 52. f6 b1=Q 53. Rd6+ Kc7 54. Rxd5 Rf1+ 55. Ke4 Qe1+ 56. Kxd4 Rf4+ 57. Kc5 Rxf6 58. Rd7+ Kxd7 0-1


[Site "https://www.chess.com"]

[Event "Titled Tuesday Blitz October 18 Late 2022"]
[White "Mikheeva, Galina"]
[Black "Zochowski, Kacper"]
[WhiteFideId "44108320"]
[BlackFideId "1125494"]
[WhiteElo "1959"]
[BlackElo "2292"]
[Result "0-1"]
[Round "01"]
[TimeControl "180+1"]
[Date "2022.10.19"]
[WhiteClock "0:02:12"]
[BlackClock "0:02:02"]

1. e4 d6 2. d4 g6 3. Nc3 Bg7 4. Be3 a6 5. Qd2 b5 6. Nf3 Bb7 7. Bd3 Nd7 8. O-O c5 9. Ne2 c4 10. Bxc4 bxc4 11. Ng3 Ngf6 12. e5 Ne4 13. Nxe4 Bxe4 14. Ng5 Bd5 15. f4 e6 16. exd6 Nf6 17. Qb4 O-O 18. b3 Ng4 19. Qd2 Nxe3 20. Qxe3 Qxd6 21. bxc4 Bxc4 22. c3 Bxf1 0-1


[Site "https://www.chess.com"]

[Event "Titled Tuesday Blitz October 18 Late 2022"]
[White "Moaataz, Ayah"]
[Black "Lizak, Peter"]
[WhiteFideId "10615873"]
[BlackFideId "731595"]
[WhiteElo "1993"]
[BlackElo "2420"]
[Result "0-1"]
[Round "01"]
[TimeControl "180+1"]
[Date "2022.10.19"]
[WhiteClock "0:00:43"]
[BlackClock "0:00:49"]

1. c4 b6 2. g3 Bb7 3. Nf3 Nf6 4. Bg2 g6 5. O-O Bg7 6. d4 O-O 7. Nc3 Ne4 8. Qc2 Nxc3 9. Qxc3 c5 10. e3 Be4 11. b3 Nc6 12. Qd2 Bxf3 13. Bxf3 cxd4 14. Bb2 dxe3 15. fxe3 Bxb2 16. Qxb2 Qc7 17. Bd5 Rad8 18. Rf2 Qe5 19. Raf1 Qxb2 20. Rxb2 Ne5 21. Rd1 Kg7 22. h3 d6 23. Rbd2 Rc8 24. Kf2 Rc5 25. Be4 Rfc8 26. Bd5 b5 27. cxb5 Rxb5 28. Ke2 Rbc5 29. Rf1 a5 30. a4 Rc3 31. Rf4 e6 32. Bb7 Rb8 33. Ba6 d5 34. Bb5 Rxb3 35. Rc2 Rb7 36. e4 d4 37. Kf2 R3xb5 38. axb5 Nd3+ 39. Ke2 Nxf4+ 40. gxf4 Rxb5 41. Kd3 a4 42. Kxd4 a3 43. h4 Rb4+ 44. Kd3 Ra4 45. Ra2 Kh6 46. Ke3 Kh5 47. Kf3 f6 48. e5 fxe5 49. fxe5 Kxh4 0-1


[Site "https://www.chess.com"]

[Event "Titled Tuesday Blitz October 18 Late 2022"]
[White "Moroni, Luca Jr"]
[Black "Przybylski, Wojciech"]
[WhiteFideId "865834"]
[BlackFideId "1117599"]
[WhiteElo "2573"]
[BlackElo "2221"]
[Result "1-0"]
[Round "01"]
[TimeControl "180+1"]
[Date "2022.10.18"]
[WhiteClock "0:02:03"]
[BlackClock "0:00:15"]

1. d4 Nf6 2. Bf4 b6 3. e3 Bb7 4. h3 c5 5. Nf3 e6 6. c3 Be7 7. Nbd2 O-O 8. Bd3 d5 9. O-O Nbd7 10. a4 a6 11. Qe2 c4 12. Bc2 b5 13. Bg5 Ne4 14. Bxe7 Qxe7 15. Nxe4 dxe4 16. Nd2 f5 17. f3 exf3 18. Nxf3 e5 19. axb5 e4 20. Qxc4+ Kh8 21. Nd2 Nb6 22. Qe2 Nd5 23. bxa6 Bc6 24. Bb3 f4 25. Bxd5 f3 26. Qc4 Qg5 27. Rf2 Bxd5 28. Qc5 Qxe3 29. Qxd5 fxg2 30. Nxe4 Rxf2 31. Nxf2 Rf8 32. Qxg2 Rf3 33. a7 1-0


[Site "https://www.chess.com"]

[Event "Titled Tuesday Blitz October 18 Late 2022"]
[White "Mortazavi, Ali"]
[Black "Van Dael, Siem"]
[WhiteFideId "401323"]
[BlackFideId "1049771"]
[WhiteElo "2339"]
[BlackElo "2259"]
[Result "1-0"]
[Round "01"]
[TimeControl "180+1"]
[Date "2022.10.19"]
[WhiteClock "0:00:10"]
[BlackClock "0:00:01"]

1. e4 c5 2. Nc3 d6 3. f4 Nc6 4. Nf3 g6 5. Bb5 Bg7 6. Bxc6+ bxc6 7. d3 Rb8 8. O-O Nf6 9. Qe1 O-O 10. b3 Ng4 11. h3 Nh6 12. Bd2 c4 13. dxc4 f5 14. Rd1 fxe4 15. Nxe4 Nf5 16. Kh2 d5 17. cxd5 cxd5 18. Neg5 Qd6 19. Ne5 h6 20. Ngf3 d4 21. g4 Bxe5 22. fxe5 Qc7 23. gxf5 Bxf5 24. Nxd4 Bxh3 25. Rg1 g5 26. Bxg5 hxg5 27. Rxg5+ Kf7 28. Kxh3 Rh8+ 29. Kg3 Rbg8 30. Nf3 Qxc2 31. e6+ Ke8 32. Qd2 Qc7+ 33. Kg4 Rxg5+ 34. Qxg5 Qc2 35. Qb5+ Kf8 36. Rd8+ Kg7 37. Qg5+ Kh7 38. Qxe7+ Kh6 39. Rxh8+ Kg6 40. Qf7# 1-0


[Site "https://www.chess.com"]

[Event "Titled Tuesday Blitz October 18 Late 2022"]
[White "Msellek, Ilyass"]
[Black "Floresvillar Gonzalez, Luis Migu"]
[WhiteFideId "675938"]
[BlackFideId "5100542"]
[WhiteElo "2303"]
[BlackElo "2040"]
[Result "1-0"]
[Round "01"]
[TimeControl "180+1"]
[Date "2022.10.19"]
[WhiteClock "0:00:49"]
[BlackClock "0:00:01"]

1. d4 d5 2. Bf4 c6 3. c3 Qb6 4. Qb3 Qxb3 5. axb3 a6 6. e3 Bf5 7. b4 Bxb1 8. Rxb1 Nd7 9. Bd3 e6 10. Nf3 f5 11. Nd2 Be7 12. Nb3 Bd8 13. h3 Ngf6 14. f3 Kf7 15. g4 g6 16. Ke2 Re8 17. gxf5 exf5 18. Kd2 Nb6 19. Na5 Re7 20. Bd6 Rd7 21. Be5 Nc8 22. h4 Bxa5 23. bxa5 Nd6 24. b3 Nde8 25. c4 Nc7 26. Rbf1 Re8 27. h5 Nxh5 28. Bxf5 Rde7 29. Bg4 Nf6 30. Rh2 Nxg4 31. fxg4+ Kg8 32. g5 dxc4 33. bxc4 Ne6 34. Bf6 Rf7 35. Rfh1 Rc8 36. Rh6 Nf8 37. Rb1 Rcc7 38. e4 Rcd7 39. Ke3 Ne6 40. d5 cxd5 41. cxd5 Nd8 42. Rh2 Rd6 43. Kd4 Rdd7 44. Ke5 Kf8 45. Rc2 1-0


[Site "https://www.chess.com"]

[Event "Titled Tuesday Blitz October 18 Late 2022"]
[White "Nakamura, Hikaru"]
[Black "Golubev, Mikhail"]
[WhiteFideId "2016192"]
[BlackFideId "14100983"]
[WhiteElo "2909"]
[BlackElo "2374"]
[Result "1-0"]
[Round "01"]
[TimeControl "180+1"]
[Date "2022.10.18"]
[WhiteClock "0:02:11"]
[BlackClock "0:00:16"]

1. g4 g5 2. h4 gxh4 3. d4 e6 4. e4 c5 5. Nc3 cxd4 6. Qxd4 Nf6 7. g5 Ng4 8. Qxh8 Qb6 9. Nd1 Nc6 10. c3 Nce5 11. Be2 Ng6 12. Qxh7 N4e5 13. f4 Bc5 14. Nh3 d5 15. fxe5 dxe4 16. Rf1 Qc7 17. Bb5+ 1-0


[Site "https://www.chess.com"]

[Event "Titled Tuesday Blitz October 18 Late 2022"]
[White "Omariev, Maksim"]
[Black "Gorodetzky, David"]
[WhiteFideId "4193423"]
[BlackFideId "2813416"]
[WhiteElo "2438"]
[BlackElo "2487"]
[Result "0-1"]
[Round "01"]
[TimeControl "180+1"]
[Date "2022.10.19"]
[WhiteClock "0:00:01"]
[BlackClock "0:01:25"]

1. b3 c5 2. Bb2 d6 3. h3 e5 4. g4 h5 5. gxh5 Nf6 6. Bg2 Nxh5 7. e3 Qg5 8. Rh2 Nc6 9. Nc3 Be6 10. Qe2 Be7 11. O-O-O a6 12. Nd5 Rc8 13. Kb1 b5 14. Nf3 Qg6 15. Nxe7 Nxe7 16. Rg1 e4 17. Ne1 Qf5 18. Qf1 c4 19. Bh1 Ng6 20. f4 exf3 21. Qxf3 cxb3 0-1


[Site "https://www.chess.com"]

[Event "Titled Tuesday Blitz October 18 Late 2022"]
[White "Onslow, Alfie"]
[Black "Zakaryan, David"]
[WhiteFideId "436976"]
[BlackFideId "24101923"]
[WhiteElo "2015"]
[BlackElo "2409"]
[Result "1-0"]
[Round "01"]
[TimeControl "180+1"]
[Date "2022.10.19"]
[WhiteClock "0:00:09"]
[BlackClock "0:01:54"]

1. Nf3 d5 2. c4 e6 3. g3 dxc4 4. Bg2 Nd7 5. Na3 Bxa3 6. bxa3 Ngf6 7. O-O O-O 8. Qc2 Nb6 9. a4 a5 10. Ne5 Qd4 11. Bb2 Qc5 12. d4 Qb4 13. Rab1 c6 14. Qc1 Qxa4 15. Ba3 Nbd5 16. Bxf8 Kxf8 17. Qxc4 Qxc4 18. Nxc4 Nc3 19. Rb2 Ra6 20. Rc1 Ncd5 21. a3 b5 22. Ne5 Bd7 23. Nxd7+ Nxd7 24. e4 Ne7 25. e5 Ke8 26. Rbc2 Nb8 27. Kf1 Kd7 28. Ke2 Rb6 29. Kd3 Na6 30. Rb2 Rb8 31. h4 h5 32. Be4 g6 33. f3 Rb6 34. Ke3 Rb7 35. g4 hxg4 36. fxg4 Rb8 37. h5 gxh5 38. gxh5 Rh8 39. Rh1 Rh6 40. Rf2 Nc7 41. Rxf7 Ke8 42. Rg7 Ncd5+ 43. Bxd5 Nf5+ 44. Kf4 Nxg7 45. Bxc6+ Kf7 46. Kg5 Rh8 47. Bxb5 Nf5 48. Rf1 Rg8+ 49. Kf4 Ke7 50. d5 exd5 51. Rc1 Rb8 52. Rc7+ Kd8 53. Rd7+ Kc8 54. a4 Nd4 55. Rxd5 Nxb5 56. Rxb5 Ra8 57. h6 Kd7 58. Kg5 Ke6 59. Kg6 Rg8+ 60. Kh7 Rg4 61. Rxa5 Rg1 62. Rb5 Rg4 63. a5 Rg1 64. a6 Ra1 65. Rb6+ Kf7 66. e6+ Ke7 67. Kg7 Rg1+ 68. Kh7 Ra1 69. Rb7+ Kxe6 70. a7 Kf6 71. Kg8 Rg1+ 72. Kf8 Ra1 73. h7 Rc1 74. h8=Q+ Ke6 75. a8=Q Rc2 76. Qh6+ 1-0


[Site "https://www.chess.com"]

[Event "Titled Tuesday Blitz October 18 Late 2022"]
[White "Ozates, Tuna"]
[Black "Andreikin, Dmitry"]
[WhiteFideId "6354521"]
[BlackFideId "4158814"]
[WhiteElo "2151"]
[BlackElo "2736"]
[Result "0-1"]
[Round "01"]
[TimeControl "180+1"]
[Date "2022.10.18"]
[WhiteClock "0:00:03"]
[BlackClock "0:01:16"]

1. e4 c5 2. Nf3 e6 3. d4 cxd4 4. Nxd4 Nc6 5. Nc3 Qc7 6. Be3 a6 7. Nxc6 bxc6 8. Bd3 d5 9. O-O Nf6 10. Kh1 Rb8 11. Rb1 Be7 12. f4 O-O 13. e5 Ne8 14. Bxh7+ Kxh7 15. Qh5+ Kg8 16. Rf3 f5 17. Rh3 c5 18. Qh7+ Kf7 19. Rg3 Rg8 20. Qg6+ Kf8 21. Nxd5 exd5 22. e6 Nd6 23. Rd1 d4 24. Rxd4 cxd4 25. Bxd4 Qxc2 26. Bxg7+ Rxg7 27. Qxg7+ Ke8 28. Qg8+ Bf8 29. h4 Qd1+ 30. Kh2 Qh5 31. Rh3 Qg4 32. Qh7 Rb7 33. Qh8 Rg7 34. g3 Bxe6 0-1


[Site "https://www.chess.com"]

[Event "Titled Tuesday Blitz October 18 Late 2022"]
[White "Ozen, Bahadir"]
[Black "Tarasova, Viktoriya"]
[WhiteFideId "6337058"]
[BlackFideId "4175840"]
[WhiteElo "2503"]
[BlackElo "2182"]
[Result "1-0"]
[Round "01"]
[TimeControl "180+1"]
[Date "2022.10.19"]
[WhiteClock "0:02:01"]
[BlackClock "0:00:01"]

1. g3 Nf6 2. Bg2 d5 3. d3 e5 4. Nf3 Nc6 5. O-O Be7 6. c3 O-O 7. Nbd2 h6 8. Qc2 Be6 9. b4 a6 10. Bb2 Re8 11. a3 Bd6 12. e4 dxe4 13. dxe4 b5 14. c4 bxc4 15. Nxc4 Bxc4 16. Qxc4 Qd7 17. Rac1 Nd8 18. Rfd1 Qe6 19. Nd2 Nb7 20. Qxe6 Rxe6 21. Nc4 Ne8 22. Ne3 a5 23. Bh3 Rg6 24. Bf5 Rf6 25. Nd5 Rxf5 26. exf5 axb4 27. axb4 Ra2 28. Bc3 Kf8 29. Ra1 Rc2 30. Rdc1 Re2 31. Kf1 1-0


[Site "https://www.chess.com"]

[Event "Titled Tuesday Blitz October 18 Late 2022"]
[White "Ozen, Batuhan"]
[Black "Guliyev, Namig"]
[WhiteFideId "6345123"]
[BlackFideId "13400363"]
[WhiteElo "2398"]
[BlackElo "2526"]
[Result "1-0"]
[Round "01"]
[TimeControl "180+1"]
[Date "2022.10.19"]
[WhiteClock "0:00:10"]
[BlackClock "0:00:12"]

1. d4 d5 2. Nc3 Bf5 3. f3 e5 4. e4 dxe4 5. fxe4 exd4 6. exf5 dxc3 7. Qxd8+ Kxd8 8. Bc4 Bb4 9. b3 Ne7 10. Bg5 f6 11. O-O-O+ Ke8 12. Bf4 Nbc6 13. Nf3 Nxf5 14. Rhe1+ Nfe7 15. Bxc7 Rc8 16. Bg3 Rd8 17. Be6 Ba3+ 18. Kb1 Rxd1+ 19. Rxd1 Nd8 20. Bc4 Nf5 21. Bc7 Nc6 22. Be6 Ne3 23. Re1 Nxg2 24. Re2 g5 25. Rxg2 Nd8 26. Bf5 Be7 27. Re2 Kf7 28. Nd4 Bc5 29. Ne6 Nxe6 30. Bxe6+ Kg6 31. Bc4 Rc8 32. Ba5 Bd4 33. Bd3+ Kf7 34. Bb4 Be5 35. Ba3 h5 36. Bc1 Ke6 37. Rf2 Rh8 38. Bf5+ Kd5 39. h3 g4 40. hxg4 h4 41. Rf1 h3 42. Re1 h2 43. Be4+ Ke6 44. Bf3 b5 45. Bf4 b4 46. Bxe5 fxe5 47. Kc1 Kf6 48. Kd1 Kg5 49. Ke2 Kf4 50. Kf2 Rh3 51. Bh1 Kxg4 52. Rxe5 Kf4 53. Re8 Rh6 54. Rf8+ Kg5 55. Rg8+ Kh4 56. Rg2 Rd6 57. Ke3 Rd1 58. Rxh2+ Kg5 59. Be4 Ra1 60. Bd3 Rxa2 61. Kd4 a5 62. Kc4 Kf4 63. Rh5 Ke3 64. Rh8 Kd2 65. Rh2+ Kc1 66. Kb5 Kb2 67. Rh6 a4 68. bxa4 b3 69. cxb3 Kxb3 70. Rc6 Ra3 71. a5 Ra4 72. a6 Rb4+ 73. Ka5 Ra4+ 74. Kb6 Rd4 75. a7 Rxd3 76. a8=Q c2 77. Qa1 Rd1 78. Rc3+ Kb4 79. Qb2+ Ka4 80. Ra3# 1-0


[Site "https://www.chess.com"]

[Event "Titled Tuesday Blitz October 18 Late 2022"]
[White "Papasimakopoulos, Alexandros"]
[Black "Drost, Peter"]
[WhiteFideId "4244125"]
[BlackFideId "1017896"]
[WhiteElo "2357"]
[BlackElo "2409"]
[Result "1-0"]
[Round "01"]
[TimeControl "180+1"]
[Date "2022.10.19"]
[WhiteClock "0:00:38"]
[BlackClock "0:00:07"]

1. d4 Nf6 2. c4 g6 3. Nc3 d5 4. Nf3 Bg7 5. Qb3 dxc4 6. Qxc4 O-O 7. e4 Nc6 8. Be2 e5 9. d5 Nd4 10. Nxd4 exd4 11. Qxd4 c6 12. d6 Nd5 13. Qd3 Nxc3 14. bxc3 f5 15. O-O fxe4 16. Qxe4 Qxd6 17. Rb1 Bf5 18. Qc4+ Be6 19. Qa4 b5 20. Qa5 Bd5 21. Ba3 Qe5 22. Bxf8 Rxf8 23. Rfe1 Qxc3 24. Qxc3 Bxc3 25. Rec1 Bd4 26. Bf3 Bxf3 27. gxf3 Rxf3 28. Rc2 a5 29. Kg2 Rf6 30. f3 b4 31. Re1 c5 32. Re8+ Kg7 33. Ra8 Rc6 34. Rxa5 c4 35. Rb5 c3 36. Rxb4 Bf6 37. a4 Rd6 38. a5 Rd5 39. a6 Ra5 40. Rb6 Bd4 41. Rd6 Be5 42. Rc6 Bd4 43. Kf1 h5 44. Ke2 Kh6 45. Kd3 Bg7 46. Rg2 h4 47. Rcxg6+ 1-0


[Site "https://www.chess.com"]

[Event "Titled Tuesday Blitz October 18 Late 2022"]
[White "Paravyan, David"]
[Black "Ekdyshman, Mikhail"]
[WhiteFideId "4194985"]
[BlackFideId "4149416"]
[WhiteElo "2555"]
[BlackElo "2164"]
[Result "1-0"]
[Round "01"]
[TimeControl "180+1"]
[Date "2022.10.18"]
[WhiteClock "0:02:52"]
[BlackClock "0:01:26"]

1. e4 c5 2. Nf3 Nf6 3. Nc3 d5 4. exd5 Nxd5 5. Bb5+ Bd7 6. Ne5 Nxc3 7. Qf3 f6 8. Qh5+ g6 9. Nxg6 Qb6 10. Nxh8+ Kd8 11. Bxd7 Nxd7 12. dxc3 Qe6+ 13. Be3 1-0


[Site "https://www.chess.com"]

[Event "Titled Tuesday Blitz October 18 Late 2022"]
[White "Petrova, Irina"]
[Black "Bjelobrk, Igor"]
[WhiteFideId "14124122"]
[BlackFideId "4300726"]
[WhiteElo "2023"]
[BlackElo "2335"]
[Result "1-0"]
[Round "01"]
[TimeControl "180+1"]
[Date "2022.10.19"]
[WhiteClock "0:01:05"]
[BlackClock "0:00:04"]

1. e4 c5 2. Nf3 e6 3. c4 Nc6 4. Nc3 e5 5. g3 d6 6. Bg2 g6 7. O-O Bg7 8. a3 Nge7 9. Rb1 O-O 10. b4 b6 11. Nd5 f5 12. d3 fxe4 13. dxe4 Nxd5 14. exd5 Nd4 15. Nxd4 exd4 16. bxc5 bxc5 17. Bf4 Rf7 18. Re1 Bf5 19. Rb2 d3 20. Rb3 Rb8 21. Rxb8 Qxb8 22. Be4 Bxe4 23. Rxe4 Bd4 24. Qxd3 Qb2 25. Re2 Qa1+ 26. Kg2 Rf6 27. Bh6 Kf7 28. Qb3 g5 29. Qb7+ Kg6 30. Qg7+ Kh5 31. Qxg5# 1-0


[Site "https://www.chess.com"]

[Event "Titled Tuesday Blitz October 18 Late 2022"]
[White "Petrovic, Aleksa"]
[Black "Bluebaum, Matthias"]
[WhiteFideId "967629"]
[BlackFideId "24651516"]
[WhiteElo "2242"]
[BlackElo "2633"]
[Result "0-1"]
[Round "01"]
[TimeControl "180+1"]
[Date "2022.10.18"]
[WhiteClock "0:00:09"]
[BlackClock "0:01:49"]

1. d4 Nf6 2. c4 e6 3. Nf3 d5 4. Nc3 Bb4 5. cxd5 exd5 6. Bg5 h6 7. Qa4+ Nc6 8. Bxf6 Qxf6 9. e3 O-O 10. Be2 Be6 11. O-O a6 12. Rac1 Bd6 13. Rfd1 Ne7 14. g3 Bg4 15. Ne1 Bxe2 16. Nxe2 c6 17. Qc2 Rae8 18. Nd3 Nf5 19. Nc5 Bxc5 20. Qxc5 Nd6 21. Qc2 g5 22. Nc3 Re7 23. Re1 Rfe8 24. Kg2 Kg7 25. Re2 h5 26. Rce1 h4 27. h3 hxg3 28. fxg3 Nf5 29. Qd3 Qg6 30. e4 dxe4 31. Rxe4 Nd6 32. Rxe7 Qxd3 33. Rxe8 Nxe8 34. Rxe8 Qxd4 35. Re2 b5 36. Rf2 b4 37. Ne2 Qxb2 38. g4 Qxa2 39. Ng3 Qd5+ 40. Kh2 b3 41. Nh5+ Kf8 0-1


[Site "https://www.chess.com"]

[Event "Titled Tuesday Blitz October 18 Late 2022"]
[White "Poliakova, Varvara"]
[Black "Keymer, Vincent"]
[WhiteFideId "13518313"]
[BlackFideId "12940690"]
[WhiteElo "1938"]
[BlackElo "2600"]
[Result "0-1"]
[Round "01"]
[TimeControl "180+1"]
[Date "2022.10.18"]
[WhiteClock "0:00:28"]
[BlackClock "0:00:05"]

1. e4 c6 2. d4 d5 3. Nd2 dxe4 4. Nxe4 Nf6 5. Nxf6+ exf6 6. c3 Bd6 7. Bd3 O-O 8. Qc2 Re8+ 9. Ne2 h5 10. Be3 Nd7 11. O-O-O Nf8 12. Nf4 Bxf4 13. Bxf4 Be6 14. Kb1 Qa5 15. a3 Rad8 16. Rhe1 Ng6 17. Bd2 Nh4 18. Be4 f5 19. Bd3 Rc8 20. Re5 Qc7 21. Rde1 Qd7 22. f4 Nxg2 23. Rg1 Nh4 24. Qd1 Ng6 25. Ree1 Qd5 26. Kc1 c5 27. Bb5 Red8 28. Qxh5 cxd4 29. Ba4 dxc3 30. Bxc3 Rxc3+ 31. bxc3 Qd2+ 32. Kb1 Qa2+ 33. Kc1 Qxa3+ 34. Kb1 Ba2+ 35. Kc2 Qxa4+ 36. Kb2 Qb3+ 37. Ka1 Qa3 0-1


[Site "https://www.chess.com"]